 Dungeon Crawl Stone Soup version 0.26-a0-712-ga5a9c9c9d0 (webtiles) character file.

Game seed: 1246608150099999822

8661 kae the Transmogrifier (level 11, -1/70 HPs)
             Began as an Octopode Transmuter on Nov 6, 2020.
             Was a Believer of Hepliaklqana.
             Slain by a killer bee (13 damage)
             ... on level 9 of the Dungeon.
             The game lasted 00:09:45 (12192 turns).

kae the Transmogrifier (Octopode Transmuter)       Turns: 12192, Time: 00:09:45

Health: -1/70      AC:  1    Str: 15    XL:     11   Next: 34%
Magic:  8/15       EV: 19    Int: 15    God:    Hepliaklqana [**....]
Gold:   1169       SH:  0    Dex: 15    Spells: 3/16 levels left

rFire    . . .     SeeInvis +     - Unarmed
rCold    . . .     Faith    .   (shield currently unavailable)
rNeg     . . .     Spirit   .   (helmet restricted)
rPois    .         Reflect  .   c - amulet of magic regeneration
rElec    .         Harm     .   p - ring of see invisible
rCorr    .         Rampage  .   (no ring)
MR       .....                  (no ring)
Stlth    ++........             (no ring)
HPRegen  0.21/turn              (no ring)
MPRegen  0.39/turn              (no ring)
                                (no ring)
                                (no ring)

@: blade tentacles (expiring), very slightly contaminated, studying Unarmed
Combat
A: almost no armour, stealthy swim, amphibious, 8 rings, constrict 8, reduced
essence, camouflage 1, agile 1, strong 1, gelatinous body 1
a: End Transformation, Recall Ancestor, Ancestor Identity, Renounce Religion


You were on level 9 of the Dungeon.
You worshipped Hepliaklqana.
Hepliaklqana was pleased with you.
You had blades for tentacles.
You visited 2 branches of the dungeon, and saw 10 of its levels.
You also visited: Bailey.

You collected 1321 gold pieces.
You spent 152 gold pieces at shops.

Inventory:

Jewellery
 c - an amulet of magic regeneration (around mantle)
 p - a ring of see invisible (left scythe-like blade)
Wands
 g - a wand of paralysis (6)
 r - a wand of acid (8)
Scrolls
 b - 2 scrolls of enchant armour
 h - 6 scrolls of enchant weapon
 k - 2 scrolls of noise
 s - a scroll of random uselessness
 t - a scroll of summoning
 u - a scroll of remove curse
 w - a scroll of amnesia
 y - a scroll of identify
 z - a scroll of fog
 A - a scroll of holy word {unknown}
 B - a scroll of blinking
Potions
 a - 5 potions of curing
 d - 3 potions of mutation
 e - 4 potions of heal wounds
 i - 4 potions of flight
 j - 2 potions of lignification
 l - a potion of magic
 m - 3 potions of brilliance
 n - 5 potions of stabbing
 o - a potion of haste
 q - 3 potions of degeneration {unknown}
 v - 2 potions of might {unknown}
 x - a potion of berserk rage
Books
 f - a manual of Unarmed Combat


   Skills:
 + Level 8.4 Fighting
 + Level 8.7 Dodging
 * Level 9.3 Unarmed Combat
 - Level 3.0 Spellcasting
 + Level 10.3 Transmutations
 - Level 2.0 Ice Magic
 - Level 2.0 Poison Magic


You had 3 spell levels left.
You knew the following spells:

 Your Spells              Type           Power        Failure   Level
a - Beastly Appendage     Tmut           ####..       10%         1
b - Spider Form           Tmut/Pois      ###.......   32%         3
c - Blade Hands           Tmut           ####......   41%         5
d - Ice Form              Ice/Tmut       ###.....     56%         4

Your spell library contained the following spells:

 Spells                   Type           Power        Failure   Level
 Wereblood                Tmut           ####....     11%         2
 Animate Skeleton         Necr           #.....       63%         1
 Pain                     Necr           #...         63%         1
 Shock                    Conj/Air       #...         63%         1
 Poisonous Vapours        Pois/Air       #.....       63%         2
 Swiftness                Air            #.......     73%         2
 Mephitic Cloud           Conj/Pois/Air  #.......     83%         3
 Conjure Flame            Conj/Fire      #.......     88%         3
 Static Discharge         Conj/Air       #.......     88%         3
 Vampiric Draining        Necr           #.........   88%         3
 Airstrike                Air            #.........   99%         4
 Animate Dead             Necr           #.........   99%         4
 Agony                    Necr           #.......     100%        5
 Lightning Bolt           Conj/Air       #.........   100%        5
 Freezing Cloud           Conj/Ice/Air   #.........   100%        6


Dungeon Overview and Level Annotations

Branches:
Dungeon (9/15)             Temple (1/1) D:6          Bailey (visited)
   Lair: D:8-11         Orc: D:9-12

Altars:
Ashenzari
Cheibriados
Dithmenos
Elyvilon
Fedhas
Gozag
Hepliaklqana
Kikubaaqudgha
Makhleb
Nemelex Xobeh
Okawaru
Qazlal
Ru
Sif Muna
Trog
Uskayaw
Vehumet
Wu Jian
Xom
Yredelemnul
Zin
The Shining One

Shops:
D:5 ?   D:7 *


Innate Abilities, Weirdness & Mutations

You cannot wear most types of armour.
You are very stealthy in the water. (Stealth+)
You are amphibious.
You can wear up to eight rings at the same time.
You can use your tentacles to constrict eight enemies at once.
Your skin changes colour to match your surroundings (Stealth+).
Your rubbery body absorbs attacks. (AC +1, EV +1)
Your life essence is reduced to manifest your ancestor. (-10% HP)
You are agile. (Dex +2)
Your muscles are strong. (Str +2)


Message History

You slice the queen bee!!
You kill the queen bee!
The killer bee stings you.
* * * LOW HITPOINT WARNING * * *
The killer bee closely misses you.
You closely miss the killer bee. Your grab misses the killer bee.
You slash the killer bee. Your squeeze misses the killer bee.
The killer bee is lightly wounded.
Your transformation is almost over.
The killer bee barely misses you. The killer bee completely misses you.
The killer bee closely misses you.
You slash the killer bee! Your grab misses the killer bee.
The killer bee is severely wounded.
The killer bee misses you. The killer bee stings you!
* * * LOW HITPOINT WARNING * * *
You closely miss the killer bee. Your grab misses the killer bee.
You squeeze the killer bee, but do no damage.
The killer bee is severely wounded.
The killer bee barely misses you. The killer bee stings you!
You die...

# #.# ## #### #.# ...
†..### ##.#### ...†
.....# #. #...R.# #.!
...#.# #. #.###.# ...
...#..##. #.#...##.#
...##.##.###.#.###y.#
...##..#.....#.#†yy#
...# #...#.###.#@###
...# ###.........#
#.#######.########
..##......#
####......#
####......#
...#...####
####...#≈≈# #
#...#≈≈#


You could see 3 killer bees.

Vanquished Creatures
  A two-headed ogre (D:8)
  A queen bee (D:9)
  A vampire (D:9)
  Sigmund (D:2)
  2 water moccasins
  2 ice beasts
  2 sky beasts
  8 orc warriors
  A black bear (D:8)
  2 ogres
  A big kobold (D:9)
  4 bullfrogs
  A wyvern skeleton (D:9)
  4 scorpions
  14 killer bees (D:9)
  4 crimson imps (D:5)
  A quasit (D:6)
  2 bullfrog skeletons
  3 hounds
  3 jellies
  A gnoll shaman (D:5)
  2 orc priests
  3 orc wizards
  Terence (D:2)
  6 worker ants
  2 hound skeletons
  A worker ant zombie (D:5)
  7 gnolls (D:5)
  10 adders
  A shadow imp (D:9)
  4 white imps
  3 ufetubi
  2 adder zombies
  An adder skeleton (D:4)
  3 dart slugs
  6 leopard geckos
  37 orcs
  A ball python (D:1)
  A bat zombie (D:1)
  8 giant cockroaches
  10 goblins
  9 hobgoblins
  19 jackals
  2 quokkas
  A ball python skeleton (D:4)
  5 bats
  4 frilled lizards
  13 kobolds
  8 rats
229 creatures vanquished.

Vanquished Creatures (collateral kills)
  An ice beast (D:7)
  A bullfrog (D:7)
  A jelly (D:9)
  A bullfrog zombie (D:7)
  A hound (D:9)
  5 orcs (Bailey)
10 creatures vanquished.

Vanquished Creatures (others)
  2 hexers (D:9)
  2 ancestors (Bailey)
4 creatures vanquished.

Grand Total: 243 creatures vanquished

Notes
Turn   | Place    | Note
-------+----------+-------------------------------------------
     0 | D:1      | kae the Octopode Transmuter began the quest for the Orb.
     0 | D:1      | Reached XP level 1. HP: 13/13 MP: 3/3
   149 | D:1      | Reached XP level 2. HP: 4/18 MP: 3/5
  1220 | D:1      | Reached XP level 3. HP: 23/23 MP: 4/6
  1328 | D:1      | Learned a level 3 spell: Spider Form
  2069 | D:2      | Reached XP level 4. HP: 28/28 MP: 7/7
  2172 | D:2      | Found a faded altar of an unknown god.
  2603 | D:2      | Noticed Sigmund
  2617 | D:2      | Killed Sigmund
  2617 | D:2      | Reached skill level 3 in Transmutations
  2617 | D:2      | Reached XP level 5. HP: 34/34 MP: 4/9
  2733 | D:2      | Noticed Terence
  2749 | D:2      | Killed Terence
  2749 | D:2      | Reached XP level 6. HP: 32/39 MP: 10/10
  3467 | D:3      | Noticed a sky beast
  3481 | D:3      | Killed a sky beast
  3481 | D:3      | Reached skill level 4 in Transmutations
  3816 | D:3      | Reached skill level 1 in Poison Magic
  4200 | D:3      | Reached XP level 7. HP: 28/45 MP: 11/11
  4401 | D:3      | Gained mutation: Your muscles are strong. (Str +2) [potion
                  | of mutation]
  4401 | D:3      | Gained mutation: You are agile. (Dex +2) [potion of
                  | mutation]
  4726 | D:4      | Reached skill level 5 in Unarmed Combat
  5173 | D:5      | Entered Level 5 of the Dungeon
  5175 | D:5      | Found a blossoming altar of Fedhas.
  5440 | D:5      | Found Ebinuhog's Magic Scroll Shoppe.
  5446 | D:5      | Bought a scroll of identify for 28 gold pieces
  5879 | D:5      | Reached skill level 5 in Transmutations
  5901 | D:5      | Found a shimmering altar of Xom.
  5915 | D:5      | Reached XP level 8. HP: 40/52 MP: 12/12
  6166 | D:5      | Learned a level 5 spell: Blade Hands
  6171 | D:5      | Learned a level 4 spell: Ice Form
  7064 | D:6      | Reached skill level 1 in Ice Magic
  7479 | D:6      | Reached skill level 6 in Transmutations
  7860 | D:6      | Found a staircase to the Ecumenical Temple.
  8348 | Temple   | Entered the Ecumenical Temple
  8443 | Temple   | Became a worshipper of Hepliaklqana the Forgotten
  8575 | D:7      | Found an ancient bone altar of Kikubaaqudgha.
  8599 | D:7      | Reached XP level 9. HP: 52/52 MP: 11/13
  8610 | D:7      | Found a flagged portal.
  8621 | Bailey   | Entered a bailey
  9616 | Bailey   | Reached skill level 7 in Transmutations
  9618 | Bailey   | Reached skill level 5 in Dodging
  9875 | Bailey   | Noticed an orc knight
  9876 | Bailey   | Noticed an orc knight
  9979 | D:7      | Found Okhe's Assorted Antiques.
 10168 | D:7      | Bought a scroll labeled KEIFIDY NUINWET for 32 gold pieces
 10168 | D:7      | Bought a metallic cyan potion for 28 gold pieces
 10168 | D:7      | Bought a scroll of identify for 64 gold pieces
 10188 | D:7      | Found a stormy altar of Qazlal.
 10188 | D:7      | Found a bloodstained altar of Trog.
 10190 | D:7      | Found an ornate altar of the Wu Jian Council.
 10191 | D:7      | Found a white marble altar of Elyvilon.
 10262 | D:7      | Reached * piety under Hepliaklqana
 10350 | D:7      | Reached skill level 5 in Fighting
 10414 | D:8      | Identified a scroll of acquirement
 10414 | D:8      | Acquired 693 gold pieces
 10934 | D:8      | Noticed a two-headed ogre
 11122 | D:8      | Reached XP level 10. HP: 56/59 MP: 14/14
 11167 | D:8      | Reached skill level 8 in Transmutations
 11384 | D:8      | Reached ** piety under Hepliaklqana
 11385 | D:8      | Remembered your ancestor Lufti as a hexer
 11468 | D:8      | Reached skill level 10 in Transmutations
 11468 | D:8      | Reached XP level 11. HP: 69/69 MP: 15/15
 11477 | D:8      | Killed a two-headed ogre
 12192 | D:9      | Slain by a killer bee

Illustrated notes

Levels and vault maps discovered:
D:1:      saegor_arrival_fortress, layout_basic, ebering_dispersal_statue_hall,
          minivault_23, lemuel_another_geyser
D:2:      minmay_inner_zag, layout_loops_corners,
          chequers_ecumenical_altar_simple_redux,
          chequers_hall_statues_corner_a, minmay_misc_feat_columns,
          uniq_sigmund, uniq_terence
D:3:      layout_loops_ring
D:4:      layout_rooms
D:5:      layout_layer_cave, lemuel_crystal_altar, serial_shops,
          nicolae_shop_competitors_out_of_business, led_xom_imps
D:6:      layout_basic, minmay_temple_entry_water_ring
D:7:      layout_rooms, grunt_temple_overflow_open, serial_shops, shop,
          enter_bailey_3
D:8:      layout_layer_cave, minmay_radiant
D:9:      layout_roguey [special_room_bee], serial_aquarium,
          aquarium_bridge_long_separate [aquarium_subvault_bridge,
          aquarium_subvault_bridge, aquarium_subvault_bridge,
          aquarium_subvault_window, aquarium_subvault_bridge,
          aquarium_subvault_window], aquarium_window_fake, aquarium_window_1,
          aquarium_view_2b, aquarium_balcony_1b, aquarium_pool_side,
          minmay_fractal_squares_gapless_5, uniq_grum
Temple:   lightli_temple_of_artemis

Skill      XL: |  1  2  3  4  5  6  7  8  9 10 11 |
---------------+----------------------------------+-----
Fighting       | 2 3 4 5 8 |  8.4
Unarmed Combat | 4 5 6 8 9 |  9.3
Transmutations | 3 4 5 6 7 10 | 10.3
Dodging        | 3 4 5 8 |  8.7
Poison Magic   | 1 2 |  2.0
Spellcasting   | 3 |  3.0
Ice Magic      | 2 |  2.0

Action                   |  1- 3 |  4- 6 |  7- 9 | 10-12 || total
-------------------------+-------+-------+-------+-------++-------
Melee: Unarmed           |    67 |   134 |   333 |    97 ||   631
       Kick              |    12 |    25 |    20 |     2 ||    59
       Constrict         |    21 |    29 |    32 |    19 ||   101
       Tentacles         |     9 |    17 |    18 |    20 ||    64
       Punch             |     1 |     5 |     6 |     6 ||    18
 Cast: Beastly Appendage |    17 |    21 |    17 |     1 ||    56
       Spider Form       |       |     3 |    31 |       ||    34
       Blade Hands       |       |       |     1 |     6 ||     7
       Ice Form          |       |       |     1 |       ||     1
Invok: Ancestor Life: He |       |       |       |     1 ||     1
       Ancestor Identity |       |       |       |     1 ||     1
Evoke: Wand              |       |       |       |     2 ||     2
  Use: Scroll            |       |     7 |    16 |       ||    23
       Potion            |       |       |     6 |     3 ||     9
 Stab: Sleeping          |     3 |     6 |     9 |     2 ||    20
       Invisible         |       |       |     4 |       ||     4
       Distracted        |       |       |     2 |       ||     2
       Confused          |       |       |       |     1 ||     1
Armor: Skin              |     1 |     9 |    12 |     1 ||    23
Dodge: Dodged            |    40 |    89 |   304 |    91 ||   524

Table legend: (Time is in decaauts)
 A = Elapsed time spent in this place.
 B = Non-inter-level travel time spent in this place.
 C = Inter-level travel time spent in this place.
 D = Time resting spent in this place.
 E = Time spent auto-exploring this place.
 F = Levels seen in this place.
 G = Mean time per level.
                   A        B        C        D        E       F      G
               +--------+--------+--------+--------+--------+-----+--------+
         Total |  12114 |  11863 |    251 |    673 |   9473 |  11 | 1101.3 |
       Dungeon |  10723 |  10487 |    236 |     44 |   9091 |   9 | 1191.4 |
        Temple |    109 |     95 |     14 |      0 |     89 |   1 |  109.0 |
        Bailey |   1281 |   1281 |      0 |    629 |    293 |   1 | 1281.0 |
               +--------+--------+--------+--------+--------+-----+--------+

Top non-repeatable levels by time:
     D:5: 1764 daAuts
     D:1: 1536 daAuts
     D:3: 1439 daAuts
     D:2: 1427 daAuts
     D:6: 1400 daAuts
  Bailey: 1281 daAuts
     D:8: 1116 daAuts
     D:4: 751 daAuts
     D:9: 648 daAuts
     D:7: 637 daAuts
  Temple: 109 daAuts
